 Dungeon Crawl Stone Soup version 0.23-a0-650-ga4d50d4 (console) character file.

2659 bli the Magician (level 9, 0/73 HPs)
             Began as a Red Draconian Wanderer on Jan 4, 2019.
             Was an Elder of Makhleb.
             Slain by an orc warrior
             ... wielding a +2 vampiric trident
              (2 damage)
             ... on level 7 of the Dungeon.
             The game lasted 00:29:52 (6101 turns).

bli the Magician (Red Draconian Wanderer)           Turns: 6101, Time: 00:29:53

Health: 0/73       AC: 16    Str: 15    XL:     9   Next: 36%
Magic:  17/20      EV: 13    Int: 14    God:    Makhleb [****..]
Gold:   448        SH:  0    Dex: 12    Spells: 18/22 levels left

rFire    + . .     SeeInvis .   b - +3 shortbow
rCold    . . .     Gourm    .   (shield currently unavailable)
rNeg     . . .     Faith    +   (armour unavailable)
rPois    +         Spirit   .   (helmet restricted)
rElec    .         Reflect  .   J - +0 cloak
rCorr    .         Harm     .   z - +0 pair of gloves
MR       .....                  G - +1 pair of boots
Stlth    ++........             t - amulet of faith
HPRegen  0.22/turn              D - +5 ring of protection
MPRegen  0.17/turn              L - ring of poison resistance

@: about to teleport, short of breath
A: breathe fire, unfitting armour, fire resistance 1, cold-blooded, AC +7
a: Breathe Fire, Minor Destruction, Lesser Servant of Makhleb, Major
Destruction, Renounce Religion


You were on level 7 of the Dungeon.
You worshipped Makhleb.
Makhleb was greatly pleased with you.
You were very hungry.

You visited 1 branch of the dungeon, and saw 7 of its levels.

You collected 448 gold pieces.

Inventory:

Hand Weapons
 a - a +3 mace
 b - a +3 shortbow (weapon)
 c - a +1 mace of protection
 n - a +0 hunting sling
 r - a +1 vampiric dagger
 u - a +0 hand axe
 v - a +1 flail of crushing
 C - a +0 whip of flaming
Missiles
 d - 8 curare-tipped needles
 e - 178 stones
 h - 73 sling bullets
 B - 86 arrows (quivered)
 H - 31 poisoned needles
 N - 4 tomahawks
Armour
 z - a +0 pair of gloves (worn)
 G - a +1 pair of boots (worn)
 J - a +0 cloak (worn)
 K - a +0 large shield
Jewellery
 t - an amulet of faith (around neck)
 D - a +5 ring of protection (left hand)
 L - a ring of poison resistance (right hand)
 O - a +3 ring of intelligence
Wands
 y - a wand of iceblast (8)
 A - a wand of acid (10)
Scrolls
 g - 5 scrolls of remove curse
 j - 3 scrolls of enchant armour
 k - a scroll of immolation {unknown}
 m - 2 scrolls of amnesia {unknown}
 x - a scroll of fear {unknown}
 F - 2 scrolls of identify
 I - a scroll of teleportation
Potions
 i - 3 potions of brilliance {unknown}
 l - 3 potions of invisibility {unknown}
 o - 2 potions of heal wounds {unknown}
 p - 4 potions of haste
 q - 3 potions of lignification {unknown}
 s - a potion of cancellation {unknown}
 w - 2 potions of curing {unknown}
 E - a potion of agility {unknown}
 M - a potion of flight {unknown}
 P - a potion of degeneration {unknown}
Comestibles
 f - 8 rations


   Skills:
 * Level 4.9 Fighting
 + Level 7.1 Bows
 + Level 3.0 Dodging
 + Level 1.0 Stealth
 + Level 7.4 Spellcasting
 - Level 4.0 Ice Magic
 + Level 2.0 Evocations


You had 18 spell levels left.
You knew the following spells:

 Your Spells              Type           Power        Failure   Level  Hunger
a - Freeze                Ice            ###.         2%          1    None
O - Ozocubu's Armour      Chrm/Ice       ##......     19%         3    ##.....

Your spell library contained the following spells:

 Spells                   Type           Power        Failure   Level  Hunger


Dungeon Overview and Level Annotations

Branches:
Dungeon (7/15)             Temple (0/1) D:4

Altars:
Dithmenos
Makhleb
Okawaru
Ru
Xom

Shops:
D:4 :   D:5 (


Innate Abilities, Weirdness & Mutations

You can breathe blasts of fire.
Your fiery red scales are hard. (AC +7)
You cannot fit into any form of body armour.
Your flesh is heat resistant. (rF+)
You are cold-blooded and may be slowed by cold attacks.


Message History

Aim: an orc warrior, wielding a +2 vampiric trident and wearing a +0 plate You breathe a blast of fire.
The fiery breath hits the orc warrior.
The orc warrior is moderately wounded.
The fiery breath misses the adder zombie.
The fiery breath hits the orc.
You kill the orc!
Makhleb accepts your kill.
You feel better.
You are feeling very hungry.
The orc warrior hits you from afar with a +2 vampiric trident.
* * * LOW HITPOINT WARNING * * *
The orc warrior draws strength from your wounds!
Press: ? - help, Shift-Dir - straight line, f/p - orc warrior
Aim: an orc warrior, wielding a +2 vampiric trident and wearing a +0 plate The puff of flame hits the orc warrior.
The orc warrior appears unharmed.
The orc warrior is lightly wounded.
As you read the scroll labeled HAUL ZIDGHI, it crumbles to dust.
You feel strangely unstable.
It was a scroll of teleportation.
The orc warrior hits you from afar with a +2 vampiric trident.
You die...

#.##..###.#(;;;≈≈≈≈
...###.#.Z...#...#S≈≈≈≈≈
..........o.#.#.####≈≈≈≈≈
....###.##[o....# ≈≈≈≈≈
.. #.....#.### P≈≈P
#######.# ≈≈; #☼# ≈≈≈ #Z#
#o# #.# #@# #.# #.# ..#
###


You could see an orc warrior and an adder zombie.

Vanquished Creatures
  Pikel (D:4)
  Prince Ribbit (D:7)
  A wyvern (D:6)
  Edmund (D:4)
  2 orc warriors (D:6)
  2 slaves
  An ice beast (D:6)
  2 phantoms (D:6)
  An ogre (D:3)
  A centaur (D:6)
  2 bullfrogs
  A scorpion (D:4)
  3 wights (D:6)
  A howler monkey (D:6)
  2 crimson imps
  A centaur zombie (D:6)
  A jelly (D:6)
  A centaur skeleton (D:6)
  4 orc wizards
  A gnoll shaman (D:6)
  2 hounds (D:5)
  An orc priest (D:4)
  7 worker ants
  2 iguanas (D:6)
  A killer bee zombie (D:6)
  Robin (D:4)
  7 adders
  A shadow imp (D:4)
  An ooze (D:4)
  3 worms
  2 dart slugs
  4 leopard geckos
  12 orcs
  A ball python (D:4)
  4 bats
  5 giant cockroaches
  13 goblins
  6 hobgoblins
  6 jackals
  2 quokkas (D:5)
  2 frilled lizards
  9 kobolds
  A leopard gecko skeleton (D:4)
  15 rats
138 creatures vanquished.

Vanquished Creatures (others)
  A slave (D:4)
  A plant (D:7)
2 creatures vanquished.

Grand Total: 140 creatures vanquished

Notes
Turn   | Place    | Note
-------+----------+-------------------------------------------
     0 | D:1      | bli the Draconian Wanderer began the quest for the Orb.
     0 | D:1      | bli set off with the following items: a +2 shortbow, 26
                  | arrows, a +0 hand axe, a ration; and the following spell
                  | memorised: Freeze; and the following spells available to
                  | memorise: Ozocubu's Armour
     0 | D:1      | Reached XP level 1. HP: 16/16 MP: 3/3
   292 | D:1      | Reached XP level 2. HP: 18/23 MP: 1/5
   904 | D:2      | Reached XP level 3. HP: 28/28 MP: 4/6
  1024 | D:2      | Found a faded altar of an unknown god.
  1035 | D:2      | Became a worshipper of Makhleb the Destroyer
  1035 | D:2      | Reached * piety under Makhleb
  1203 | D:2      | Found a sacrificial altar of Ru.
  1229 | D:2      | Reached XP level 4. HP: 36/36 MP: 8/8
  1264 | D:2      | Found an iron altar of Okawaru.
  1876 | D:3      | Reached ** piety under Makhleb
  2168 | D:3      | Noticed an ogre
  2182 | D:3      | Killed an ogre
  2182 | D:3      | Reached XP level 5. HP: 36/41 MP: 0/10
  2608 | D:4      | Found Zappev's Book Boutique.
  2622 | D:4      | Noticed Robin
  2647 | D:4      | Killed Robin
  2706 | D:4      | Reached XP level 6. HP: 48/48 MP: 8/11
  2737 | D:4      | Found a shadowy altar of Dithmenos.
  2782 | D:4      | Reached skill level 5 in Bows
  2789 | D:4      | Noticed a slave
  2790 | D:4      | Noticed a slave
  2791 | D:4      | Noticed Pikel
  2813 | D:4      | Noticed a slave
  2818 | D:4      | Noticed a slave
  2848 | D:3      | Killed a slave
  3531 | D:4      | Killed a slave
  3546 | D:4      | Killed Pikel
  3546 | D:4      | Reached skill level 1 in Dodging
  3546 | D:4      | Reached skill level 5 in Spellcasting
  3546 | D:4      | Your scales start taking on a fiery red colour.
  3546 | D:4      | Reached XP level 7. HP: 34/55 MP: 3/15
  3546 | D:4      | Gained mutation: Your flesh is heat resistant. (rF+) [Red
                  | Draconian growth]
  3731 | D:4      | Reached *** piety under Makhleb
  3914 | D:4      | Found a staircase to the Ecumenical Temple.
  3933 | D:4      | Noticed Edmund
  3945 | D:4      | Killed Edmund
  3945 | D:4      | Reached XP level 8. HP: 58/62 MP: 9/17
  4062 | D:5      | Entered Level 5 of the Dungeon
  4585 | D:5      | Found Higoberu's Weapon Boutique.
  4660 | D:5      | Found a shimmering altar of Xom.
  5147 | D:6      | Reached XP level 9. HP: 21/71 MP: 14/19
  5370 | D:6      | Reached **** piety under Makhleb
  5982 | D:7      | Learned a level 3 spell: Ozocubu's Armour
  5987 | D:7      | Noticed Prince Ribbit
  6006 | D:7      | Killed Prince Ribbit
  6006 | D:7      | Reached skill level 1 in Stealth
  6099 | D:7      | HP: 2/73 [orc warrior/+2 vampiric trident (6)]
  6101 | D:7      | Slain by an orc warrior

Vault maps used:
D:1:      evilmike_arrival_hilbert_curve
D:2:      lemuel_doored_altar, okawaru_ov_weapons_minmay,
          chequers_ecumenical_altar_simple_redux
D:3:      first_ration
D:4:      nicolae_dithmenos_the_darkroom, minmay_temple_entry_trees,
          serial_shops, kennysheep_mini, uniq_edmund, uniq_pikel, uniq_robin
D:5:      tgw_xom, serial_shops, nicolae_shop_behind_doors
D:6:      nicolae_lava_and_water, minmay_alternating_orb
D:7:      serial_bayou_ford_a, grunt_livestock, chequers_serial_rivers_micro_c,
          uniq_menkaure, uniq_harold, uniq_prince_ribbit1

Skill      XL: |  1  2  3  4  5  6  7  8  9 |
---------------+----------------------------+-----
Bows           | 4 5 6 7 |  7.1
Spellcasting   | 3 5 6 7 |  7.4
Ice Magic      | 2 2 3 4 |  4.0
Fighting       | 2 4 |  4.9
Dodging        | 1 2 3 |  3.0
Stealth        | 1 |  1.0
Evocations     | |  2.0

Action                   |  1- 3 |  4- 6 |  7- 9 || total
-------------------------+-------+-------+-------++-------
Melee: Spear             |       |    10 |       ||    10
       Mace              |       |    11 |    71 ||    82
       Tailslap          |       |     2 |     9 ||    11
       Shortbow          |       |       |     8 ||     8
 Fire: Shortbow          |    55 |    69 |   142 ||   266
Throw: Stone             |       |     1 |     2 ||     3
 Cast: Freeze            |    29 |    74 |    82 ||   185
Invok: Minor Destruction |       |       |     1 ||     1
 Abil: Breathe Fire      |       |       |     6 ||     6
  Use: Scroll            |       |     4 |     1 ||     5
 Stab: Distracted        |       |       |     1 ||     1
  Eat: Chunk             |     1 |     8 |     8 ||    17
Armor: Skin              |     7 |    27 |    99 ||   133
Dodge: Dodged            |    21 |    80 |   100 ||   201

Table legend:
 A = Non-vault XP
 B = Vault XP
 C = Vault XP percentage of total XP
 D = Non-vault monster count
 E = Vault monster count
 F = Vault count percentage of total count
                 A         B        C        D         E       F
            +---------+---------+-------+---------+---------+-------
      Total |    2256 |    1543 |  40.6 |     113 |      23 |  16.9
            +---------+---------+-------+---------+---------+-------
        D:1 |      38 |       0 |   0.0 |      22 |       0 |   0.0
        D:2 |      98 |       0 |   0.0 |      25 |       0 |   0.0
        D:3 |     235 |       0 |   0.0 |      19 |       0 |   0.0
        D:4 |     280 |     823 |  74.6 |      16 |       9 |  36.0
        D:5 |     174 |       0 |   0.0 |       8 |       0 |   0.0
        D:6 |    1336 |     437 |  24.6 |      20 |      13 |  39.4
        D:7 |      95 |     283 |  74.9 |       3 |       1 |  25.0
            +---------+---------+-------+---------+---------+-------
